 Dungeon Crawl Stone Soup version 0.21.0 (console) character file.

100372 Kloppie the Warrior (level 15, -11/155 HPs)
             Began as a Minotaur Fighter on Jan 7, 2018.
             Was the Champion of Qazlal.
             Killed from afar by Nikola (25 damage)
             ... with a bolt of lightning
             ... on level 2 of the Swamp.
             The game lasted 00:44:56 (24528 turns).

Kloppie the Warrior (Minotaur Fighter)             Turns: 24528, Time: 00:44:56

Health: -11/155    AC: 25    Str: 27    XL:     15   Next: 80%
Magic:  21/21      EV:  7    Int:  5    God:    Qazlal [******]
Gold:   1884       SH: 23    Dex: 16    Spells: 14/14 levels left

rFire    . . .     SeeInvis .   a - +1 war axe
rCold    . . .     Gourm    .   c - +0 shield
rNeg     . . .     Faith    +   z - +2 plate armour {rF+}
rPois    +         Spirit   .   (helmet restricted)
rElec    .         Reflect  .   P - +2 cloak
rCorr    .         Harm     .   (no gloves)
MR       +....                  U - +1 pair of boots {run}
Stlth    ..........             n - amulet of faith
HPRegen  0.35/turn              G - ring of poison resistance
MPRegen  0.17/turn              T - ring of Yrupiano {rF- Dex+6 Slay+5 Stlth+}

@: protected from physical damage, repel missiles, quick
A: retaliatory headbutt, horns 2
a: Upheaval, Elemental Force, Disaster Area, Renounce Religion


You were on level 2 of the Swamp.
You worshipped Qazlal.
Qazlal was exalted by your worship.
You were not hungry.

You visited 5 branches of the dungeon, and saw 26 of its levels.
You also visited: Labyrinth and Sewer.

You collected 2385 gold pieces.
You spent 501 gold pieces at shops.

Inventory:

Hand Weapons
 a - a +1 war axe (weapon)
 b - a +2 hand axe of flaming
Missiles
 L - 4 throwing nets (quivered)
Armour
 c - a +0 shield (worn)
 z - a +2 plate armour of fire resistance (worn)
 P - a +2 cloak (worn)
 U - a +1 pair of boots of running (worn)
Jewellery
 k - an uncursed ring of flight
 l - a +3 ring of protection
 n - an amulet of faith (around neck)
 s - an uncursed ring of fire
 D - an uncursed ring of resist corrosion
 G - a ring of poison resistance (left hand)
 J - an uncursed ring of positive energy
 K - an uncursed ring of protection from magic
 T - the ring of Yrupiano (right hand) {rF- Dex+6 Slay+5 Stlth+}
   (You found it in a labyrinth)

   [ring of stealth]

   It affects your dexterity (+6).
   It affects your accuracy and damage with ranged weapons and melee attacks
   (+5).
   It makes you vulnerable to fire.
   It makes you more stealthy.
Wands
 j - a wand of digging (38)
 E - a wand of paralysis (41)
 F - a wand of disintegration (26)
 N - a wand of acid (26)
 Q - a wand of flame (32)
Scrolls
 d - 3 scrolls of enchant weapon
 m - 3 scrolls of amnesia
 o - 2 scrolls of magic mapping
 p - 4 scrolls of identify
 t - 14 scrolls of remove curse
 x - 3 scrolls of fear
 y - 4 scrolls of teleportation
 H - a scroll of fog
 O - 2 scrolls of silence
 S - 2 scrolls of blinking
Potions
 e - 4 potions of mutation
 h - 2 potions of agility
 i - 3 potions of lignification
 q - 2 potions of cancellation
 r - 3 potions of resistance
 u - 6 potions of curing
 v - 2 potions of invisibility
 A - 3 potions of flight
 B - 2 potions of haste
 C - a potion of berserk rage
Books
 g - a book of Debilitation

   Spells                             Type                      Level
   a - Corona                         Hexes                        1
   b - Slow                           Hexes                        2
   c - Inner Flame                    Hexes/Fire                   3
   d - Portal Projectile              Hexes/Translocation          3
   e - Cause Fear                     Hexes                        4
   f - Leda's Liquefaction            Hexes/Earth                  4
 M - a book of Death

   Spells                             Type                      Level
   a - Corpse Rot                     Necromancy                   2
   b - Sublimation of Blood           Necromancy                   2
   c - Agony                          Necromancy                   5
   d - Dispel Undead                  Necromancy                   5
   e - Excruciating Wounds            Charms/Necromancy            5
   f - Bolt of Draining               Conjuration/Necromancy       5
Comestibles
 f - 30 rations


   Skills:
 + Level 19.7 Fighting
 - Level 16.0 Axes
 - Level 10.6 Armour
 - Level 15.0 Shields
 - Level 10.0 Invocations


You had 14 spell levels left.
You didn't know any spells.

Dungeon Overview and Level Annotations

Branches:
Dungeon (15/15)            Temple (1/1) D:6            Lair (6/6) D:8
  Swamp (2/4) Lair:2        Snake (0/4) Lair:4        Slime (0/5) Lair:5
    Orc (2/2) D:11            Elf (0/3) Orc:2        Vaults (0/5) D:13
 Depths (0/5) D:15

Altars:
Ashenzari
Cheibriados
Dithmenos
Elyvilon
Fedhas
Gozag
Hepliaklqana
Kikubaaqudgha
Makhleb
Nemelex Xobeh
Okawaru
Qazlal
Ru
Sif Muna
Trog
Uskayaw
Vehumet
Wu Jian
Xom
Yredelemnul
Zin
The Shining One
Beogh
Jiyva

Shops:
D:6 ?}   Orc:2 =([:!

Annotations:
D:4 Kloppie's ghost, amateur MiFi
Lair:5 1 runed door
Swamp:2 Nikola


Innate Abilities, Weirdness & Mutations

You reflexively headbutt those who attack you in melee.
You have a pair of horns on your head.


Message History

You closely miss Nikola.
Nikola is lightly wounded.
Nikola hits you with a rapier of electrocution!
* * * LOW HITPOINT WARNING * * *
You feel protected from physical attacks.
You completely miss Nikola. Your headbutt misses Nikola.
Nikola is lightly wounded.
You closely miss Nikola. You headbutt Nikola!
Nikola is lightly wounded.
Nikola casts a spell at you. The zap hits you!
* * * LOW HITPOINT WARNING * * *
You feel much better. Nikola gestures at you while chanting.
The bolt of lightning hits you!
* * * LOW HITPOINT WARNING * * *
The tree smoulders and burns.
Nikola points at you and mumbles some strange words.
The bolt of lightning hits you!
You die...

♣≈≈≈≈.♣♣♣......
♣♣.≈≈§......≈...
.≈..≈≈...≈≈≈...♣
≈.≈≈≈≈..≈≈≈).≈♣
≈..≈≈≈.>≈≈.(.≈.
♣.§≈≈≈.≈.≈♣.≈ ♣
♣≈§≈.≈≈≈♣≈.. ♣♣.
♣♣♣≈§§@§§.≈...§
≈≈..♣§.≈.§$@..♣....
≈≈.≈♣≈..≈♣♣♣§≈♣$≈..
...≈.)≈..≈♣♣≈≈≈≈...
≈♣≈.≈≈≈≈≈≈.†≈≈≈≈§..
♣♣♣♣≈.≈≈≈<.≈≈≈≈≈..
♣♣♣..†.†....≈..
♣♣♣..≈≈..≈≈≈≈
♣≈.≈...≈≈≈≈


You could see Nikola.

Vanquished Creatures
  Saint Roka (Orc:2)
  A thorn hunter (Swamp:1)
  A frost giant (D:15)
  Azrael (D:14)
  A minotaur (Lab)
  Josephine (D:14)
  Fannar (Orc:1)
  9 hydras
  Harold (Lair:2)
  A catoblepas (D:14)
  3 centaur warriors
  An ogre mage (D:13)
  7 two-headed ogres
  5 death yaks (Lair:6)
  Urug (Orc:1)
  The ghost of deszczowiec the Martial Artist, a novice GnTm of Ru (D:9)
  The ghost of rabbit the Quickloader, a novice MiHu of Okawaru (D:7)
  Sonja (Lair:2)
  5 unseen horrors
  Pikel (D:5)
  A shambling mangrove (Swamp:1)
  An orc knight (D:15)
  An ugly thing (D:13)
  2 orc sorcerers (Orc:2)
  5 cyclopes
  5 manticores
  Maurice (D:8)
  4 black mambas
  4 elephants (Lair:3)
  Psyche (D:8)
  3 gargoyles
  12 spiny frogs
  8 komodo dragons
  An efreet (D:15)
  3 yaktaurs
  4 trolls
  A merfolk (D:13)
  A queen bee (shapeshifter) (D:15)
  Grinder (D:5)
  3 tyrant leeches
  7 polar bears (Lair:6)
  3 bog bodies
  3 meliai (D:15)
  22 blink frogs
  15 hippogriffs
  7 hornets
  9 slime creatures
  3 dream sheep (Lair:6)
  3 shadows
  Sigmund (D:2)
  14 spriggans
  3 wraiths (D:14)
  4 wyverns
  4 basilisks
  27 yaks
  Eustachio (D:6)
  3 fire elementals (D:14)
  7 hungry ghosts
  5 wargs
  17 insubstantial wisps
  2 nagas (Lair:4)
  14 swamp worms
  15 water moccasins
  Duvessa (D:5)
  3 hell hounds (D:14)
  2 acid dragons
  9 porcupines
  2 swamp drakes (Swamp:1)
  4 black bears
  5 ice beasts
  3 slaves (D:5)
  3 eyes of draining
  3 sky beasts
  A necrophage (D:9)
  28 orc warriors
  3 phantoms
  12 ogres
  28 wolves
  13 boggarts
  8 centaurs
  11 crocodiles
  8 big kobolds
  26 bullfrogs
  A wyvern zombie (D:9)
  A gnoll sergeant (D:11)
  Dowan (D:5)
  9 scorpions
  15 killer bees
  A water moccasin skeleton (D:8)
  3 wights (D:13)
  A troll skeleton (Lab)
  3 howler monkeys
  7 electric eels
  10 crimson imps
  7 centaur zombies
  A bullfrog zombie (D:7)
  8 hounds
  4 jellies
  26 orc priests
  4 centaur skeletons
  8 worker ants
  An iguana (D:8)
  22 orc wizards
  2 ogre skeletons (Lab)
  2 hound zombies
  6 gnolls
  A river rat (Sewer)
  12 adders
  4 shadow imps
  12 white imps (D:12)
  2 oozes
  3 adder skeletons
  An adder zombie (D:10)
  A dart slug (D:1)
  A worm (D:3)
  6 leopard geckos
  96 orcs
  7 bats
  7 giant cockroaches
  10 goblins
  9 hobgoblins
  3 jackals
  6 quokkas
  2 ball pythons
  5 frilled lizards
  26 kobolds
  A leopard gecko skeleton (D:4)
  A leopard gecko zombie (D:7)
  A quokka skeleton (D:7)
  11 rats
  8 briar patches (Swamp:1)
  A fungus (Lair:6)
  6 plants
854 creatures vanquished.

Vanquished Creatures (collateral kills)
  An orc priest (Orc:2)
  An orc (Orc:2)
2 creatures vanquished.

Vanquished Creatures (others)
  A spiny frog (Swamp:2)
  A tyrant leech (Swamp:2)
  An orc wizard (D:11)
  A gnoll (D:11)
  2 orcs (D:11)
  A kobold (D:13)
  3 fungi
  8 plants
  5 toadstools (D:4)
23 creatures vanquished.

Grand Total: 879 creatures vanquished

Notes
Turn   | Place    | Note
-------+----------+-------------------------------------------
     0 | D:1      | Kloppie the Minotaur Fighter began the quest for the Orb.
     0 | D:1      | Reached XP level 1. HP: 19/19 MP: 0/0
    85 | D:1      | Reached skill level 4 in Fighting
    93 | D:1      | Reached XP level 2. HP: 27/27 MP: 1/1
   321 | D:1      | Reached XP level 3. HP: 33/34 MP: 2/2
   780 | D:2      | Found a sparkling altar of Nemelex Xobeh.
   835 | D:2      | Noticed Sigmund
   845 | D:2      | Killed Sigmund
   845 | D:2      | Reached skill level 6 in Fighting
   845 | D:2      | Reached skill level 5 in Axes
   845 | D:2      | Reached XP level 4. HP: 21/44 MP: 3/3
   845 | D:2      | Reached XP level 5. HP: 24/50 MP: 4/4
  1259 | D:2      | Found a shadowy altar of Dithmenos.
  1448 | D:3      | Reached XP level 6. HP: 56/57 MP: 5/5
  1468 | D:3      | Found a shimmering altar of Xom.
  1962 | D:4      | Got a jewelled buckler
  1994 | D:4      | Noticed Kloppie's ghost (amateur MiFi)
  2218 | D:4      | Found a shattered altar of Ashenzari.
  2264 | D:4      | Found a hide-covered altar of Uskayaw.
  2267 | D:4      | Found a snail-covered altar of Cheibriados.
  2268 | D:4      | Found a white marble altar of Elyvilon.
  2270 | D:4      | Found a blossoming altar of Fedhas.
  2270 | D:4      | Found an ancient bone altar of Kikubaaqudgha.
  2271 | D:4      | Found a sparkling altar of Nemelex Xobeh.
  2374 | D:4      | Found a glowing drain.
  2387 | Sewer    | Entered a sewer
  2396 | Sewer    | Reached skill level 7 in Fighting
  2467 | Sewer    | Reached XP level 7. HP: 51/66 MP: 6/6
  2482 | Sewer    | Found a white marble altar of Elyvilon.
  3063 | D:4      | Found a radiant altar of Vehumet.
  3063 | D:4      | Found a burning altar of Makhleb.
  3129 | D:5      | Entered Level 5 of the Dungeon
  3150 | D:5      | Found a sacrificial altar of Ru.
  3255 | D:5      | Reached skill level 8 in Fighting
  3265 | D:5      | Identified the +2 buckler of Henotheism {rElec Str+5 Slay-4} (You found it on level 4 of the Dungeon)
  3296 | D:5      | Noticed Duvessa
  3298 | D:5      | Noticed Dowan
  3308 | D:5      | Killed Duvessa
  3310 | D:5      | Killed Dowan
  3310 | D:5      | Reached XP level 8. HP: 44/74 MP: 7/7
  3368 | D:5      | Noticed Grinder
  3376 | D:5      | Paralysed by Grinder for 2 turns
  3382 | D:5      | Paralysed by Grinder for 2 turns
  3401 | D:5      | Killed Grinder
  3401 | D:5      | Reached skill level 5 in Armour
  3415 | D:5      | Noticed Pikel
  3762 | D:5      | Killed Pikel
  3970 | D:6      | Found Taen's Magic Scroll Boutique.
  3979 | D:6      | Bought a scroll of noise for 12 gold pieces
  3979 | D:6      | Bought a scroll of teleportation for 36 gold pieces
  3979 | D:6      | Bought a scroll of remove curse for 36 gold pieces
  3993 | D:6      | Reached skill level 10 in Axes
  4086 | D:6      | Found a staircase to the Ecumenical Temple.
  4113 | Temple   | Entered the Ecumenical Temple
  4170 | Temple   | Became a worshipper of Qazlal Stormbringer
  4184 | D:6      | Reached XP level 9. HP: 81/81 MP: 8/8
  4240 | D:6      | Noticed Eustachio
  4255 | D:6      | Killed Eustachio
  4311 | D:6      | Found Guceusch's Gadget Shop.
  4377 | D:6      | Found an opulent altar of Gozag.
  4703 | D:7      | Reached * piety under Qazlal
  4794 | D:7      | Noticed rabbit's ghost (novice MiHu)
  4823 | D:7      | Killed rabbit's ghost
  4823 | D:7      | Reached skill level 10 in Armour
  5584 | D:8      | Noticed a two-headed ogre
  5596 | D:8      | Killed a two-headed ogre
  5596 | D:8      | Reached XP level 10. HP: 28/88 MP: 9/9
  5883 | D:8      | Reached skill level 9 in Fighting
  5884 | D:8      | Reached ** piety under Qazlal
  5930 | D:8      | Found a staircase to the Lair.
  6034 | D:8      | Noticed Psyche
  6047 | D:8      | Killed Psyche
  6068 | D:8      | Reached skill level 10 in Fighting
  6306 | D:8      | Noticed Maurice
  6321 | D:8      | Killed Maurice
  6548 | D:8      | Found a glowing golden altar of the Shining One.
  6672 | D:9      | Noticed deszczowiec's ghost (novice GnTm)
  6698 | D:9      | Killed deszczowiec's ghost
  6698 | D:9      | Reached XP level 11. HP: 95/101 MP: 10/10
  6734 | D:9      | Reached *** piety under Qazlal
  6738 | D:9      | Reached skill level 11 in Fighting
  6870 | D:9      | Noticed a two-headed ogre
  6878 | D:9      | Killed a two-headed ogre
  7504 | D:10     | Entered Level 10 of the Dungeon
  7540 | D:10     | Noticed a two-headed ogre
  7550 | D:10     | Killed a two-headed ogre
  7550 | D:10     | Reached **** piety under Qazlal
  7550 | D:10     | Reached skill level 12 in Fighting
  7776 | D:10     | Found a shattered altar of Ashenzari.
  7820 | D:10     | Reached skill level 15 in Axes
  7914 | D:10     | Noticed a two-headed ogre
  7923 | D:10     | Killed a two-headed ogre
  8251 | D:10     | Identified a scroll of acquirement
  8306 | D:11     | Reached skill level 13 in Fighting
  8352 | D:11     | Killed an unseen horror
  8545 | D:11     | Reached ***** piety under Qazlal
  8636 | D:11     | Reached XP level 12. HP: 35/115 MP: 11/11
  9028 | D:11     | Found a staircase to the Orcish Mines.
  9553 | D:12     | Noticed a two-headed ogre
  9562 | D:12     | Killed a two-headed ogre
  9580 | D:12     | Found a frozen archway.
  9676 | D:12     | Reached skill level 14 in Fighting
  9743 | D:12     | Found a labyrinth entrance.
  9749 | Lab      | Entered a labyrinth
 10670 | Lab      | Noticed a minotaur
 10688 | Lab      | Killed a minotaur
 10695 | Lab      | Identified the Compendium of the Immovable Continents
 10696 | Lab      | Got a warped pewter ring
 10708 | Lab      | Identified a +1 pair of boots of running (You found it in a labyrinth)
 10720 | Lab      | Identified the ring of Yrupiano {rF- Dex+6 Slay+5 Stlth+} (You found it in a labyrinth)
 10831 | D:12     | Reached skill level 15 in Fighting
 10927 | D:12     | Reached skill level 5 in Shields
 11604 | Lair:1   | Entered Level 1 of the Lair of Beasts
 11906 | Lair:1   | Reached ****** piety under Qazlal
 12499 | Lair:2   | Noticed Harold
 12508 | Lair:2   | Killed Harold
 12731 | Lair:2   | Noticed Sonja
 12742 | Lair:2   | Killed Sonja
 13011 | Lair:2   | Found a staircase to the Swamp.
 13020 | Lair:2   | Reached skill level 10 in Shields
 13020 | Lair:2   | Reached XP level 13. HP: 113/126 MP: 12/12
 14111 | Lair:4   | Found a staircase to the Snake Pit.
 15466 | Lair:5   | Found a runed door.
 15466 | Lair:5   | Found a viscous altar of Jiyva.
 15466 | Lair:5   | Found a staircase to the Slime Pits.
 15466 | Lair:5   | Noticed an acid blob
 15801 | Lair:6   | Entered Level 6 of the Lair of Beasts
 15853 | Lair:6   | Reached skill level 15 in Shields
 15881 | Lair:6   | Reached skill level 1 in Invocations
 16005 | Lair:6   | Reached XP level 14. HP: 118/135 MP: 15/15
 16064 | Lair:6   | Reached skill level 5 in Invocations
 16893 | Lair:6   | Paralysed by a hornet for 3 turns
 17253 | Lair:6   | Identified the Incunabulum of the Cankerous Blaze
 18381 | D:13     | Reached skill level 10 in Invocations
 18485 | D:13     | Got an uncursed steaming war axe {distort}
 18486 | D:13     | Identified the +6 war axe of the Establishment {distort, +Inv MR- Dex+7} (You took it off a yaktaur on level 13 of the Dungeon)
 18517 | D:13     | Found a gate to the Vaults.
 18908 | D:14     | Reached skill level 16 in Fighting
 18933 | D:14     | Noticed Josephine
 18951 | D:14     | Killed Josephine
 19023 | D:14     | Got a sapphire-encrusted ring mail
 19024 | D:14     | Identified the cursed +1 ring mail of Music {rElec rF++ Dex+3 Stlth-} (You found it on level 14 of the Dungeon)
 19145 | D:14     | Noticed Azrael
 19159 | D:14     | Killed Azrael
 19454 | D:14     | Reached XP level 15. HP: 124/145 MP: 21/21
 19957 | D:15     | Entered Level 15 of the Dungeon
 20178 | D:14     | Reached skill level 17 in Fighting
 20597 | D:15     | Noticed a frost giant
 20604 | D:15     | Killed a frost giant
 20819 | D:15     | Found a staircase to the Depths.
 21222 | Orc:1    | Entered Level 1 of the Orcish Mines
 21230 | Orc:1    | Noticed Urug
 21254 | Orc:1    | Killed Urug
 21310 | Orc:1    | Noticed Fannar
 21324 | Orc:1    | Killed Fannar
 21324 | Orc:1    | Reached skill level 18 in Fighting
 21571 | Orc:2    | Entered Level 2 of the Orcish Mines
 21571 | Orc:2    | Found a staircase to the Elven Halls.
 21743 | Orc:2    | Found a roughly hewn altar of Beogh.
 21779 | Orc:2    | Found Sipearph's Book Shop.
 21821 | Orc:2    | Found a roughly hewn altar of Beogh.
 22073 | Orc:2    | Noticed Saint Roka
 22454 | Orc:2    | Found Fafatt's Antique Armour Shop.
 22455 | Orc:2    | Found a roughly hewn altar of Beogh.
 22479 | Orc:2    | Killed Saint Roka
 22759 | Orc:2    | Found Zayl's Antique Weapon Boutique.
 22805 | Orc:2    | Found a roughly hewn altar of Beogh.
 22807 | Orc:2    | Found Cimeawuv's Jewellery Boutique.
 22872 | Orc:2    | Found a roughly hewn altar of Beogh.
 22898 | Orc:2    | Found Daer's Distillery.
 22978 | Orc:2    | Found a roughly hewn altar of Beogh.
 23037 | Orc:2    | Bought a glowing cloak for 157 gold pieces
 23100 | Orc:2    | Bought an uncursed ring of poison resistance for 260 gold pieces
 23405 | Swamp:1  | Entered Level 1 of the Swamp
 23417 | Swamp:1  | Noticed a thorn hunter
 23432 | Swamp:1  | Killed a thorn hunter
 23432 | Swamp:1  | Reached skill level 19 in Fighting
 23458 | Swamp:1  | HP: 3/152 [tyrant leech (14)]
 24245 | Swamp:2  | Noticed Nikola
 24528 | Swamp:2  | Killed from afar by Nikola

Skill      XL: |  1  2  3  4  5  6  7  8  9 10 11 12 13 14 15 |
---------------+----------------------------------------------+-----
Fighting       | 4 6 7 8 10 13 15 16 19 | 19.7
Axes           | 3 5 6 8 10 12 13 15 16 | 16.0
Armour         | 4 7 10 | 10.6
Shields        | 10 15 | 15.0
Invocations    | 3 10 | 10.0

Action                   |  1- 3 |  4- 6 |  7- 9 | 10-12 | 13-15 || total
-------------------------+-------+-------+-------+-------+-------++-------
Melee: War axe           |    71 |   113 |   251 |   772 |  1405 ||  2612
       Headbutt          |     8 |    11 |    42 |   161 |   424 ||   646
       Hand axe          |       |       |       |       |    54 ||    54
Invok: Disaster Area     |       |       |       |       |     3 ||     3
       Upheaval          |       |       |       |       |     1 ||     1
       Elemental Force   |       |       |       |       |     1 ||     1
Evoke: Wand              |       |       |     4 |       |       ||     4
  Use: Potion            |     1 |       |     4 |     3 |     8 ||    16
       Scroll            |       |       |    13 |    15 |     5 ||    33
 Stab: Paralysed         |       |       |     1 |       |       ||     1
       Distracted        |       |       |       |       |     1 ||     1
  Eat: Chunk             |       |     5 |    11 |    21 |    32 ||    69
       Ration            |       |       |       |     3 |     2 ||     5
Armor: Scale mail        |    37 |    41 |    20 |       |       ||    98
       Chain mail        |       |       |    77 |   217 |       ||   294
       Skin              |       |       |    46 |       |       ||    46
       Plate armour      |       |       |       |    42 |   429 ||   471
Dodge: Dodged            |    28 |    30 |    43 |   116 |   138 ||   355
       Deflected         |       |       |       |     6 |    10 ||    16
Block: Shield            |    35 |    48 |   106 |   411 |  1210 ||  1810
